 Dungeon Crawl Stone Soup version 0.30-a0-613-gdd512c7efb (webtiles) character file.

Game seed: 9256019673914033290

651 pokeman the Magician (level 7, 0/40 HPs)
             Began as a Deep Elf Hedge Wizard on Jan 8, 2023.
             Succumbed to a scorpion's poison
             ... on level 5 of the Dungeon.
             The game lasted 00:08:01 (4365 turns).

pokeman the Magician (Deep Elf Hedge Wizard)        Turns: 4365, Time: 00:08:02

Health: 0/40       AC:  4    Str:  7    XL:     7   Next: 28%
Magic:  1/20       EV: 13    Int: 21    God:
Gold:   205        SH:  0    Dex: 14    Spells: 13/21 levels left

rFire   + . .      SeeInvis +    h - +0 demon blade
rCold   + . .      Faith    .    (no shield)
rNeg    . . .      Spirit   .    b - +0 robe
rPois   +          Reflect  .    y - +1 helmet {SInv}
rElec   +          Harm     .    (no cloak)
rCorr   +          Rampage  .    (no gloves)
Will    .....                    (no boots)
Stlth   ++                       (no amulet)
HPRegen 0.26/turn                (no ring)
MPRegen 0.17/turn                (no ring)

@: lethally poisoned (0 -> -3), resistant
A: no striking features
a: no special abilities


You were on level 5 of the Dungeon.
You visited 1 branch of the dungeon, and saw 5 of its levels.

You collected 205 gold pieces.

Inventory:

Hand Weapons
 h - a +0 demon blade (weapon)
 m - a +2 dagger of venom
Armour
 b - a +0 robe (worn)
 l - a +0 buckler
 y - a +1 helmet of see invisible (worn)
Jewellery
 s - an amulet of faith
Scrolls
 c - a scroll of enchant weapon {unknown}
 f - 2 scrolls of immolation {unknown}
 g - 3 scrolls of identify {unknown}
 i - 2 scrolls of amnesia {unknown}
 k - 2 scrolls of blinking {unknown}
 p - a scroll of brand weapon {unknown}
 q - 2 scrolls of teleportation {unknown}
 r - a scroll of torment {unknown}
 t - 2 scrolls of noise {unknown}
 u - 2 scrolls of fear {unknown}
 v - 2 scrolls of magic mapping {unknown}
 w - a scroll of fog {unknown}
Potions
 a - a potion of resistance
 d - a potion of magic
 e - a potion of attraction {unknown}
 j - 3 potions of curing {unknown}
 n - a potion of might {unknown}
 o - a potion of berserk rage {unknown}


   Skills:
 + Level 2.0 Fighting
 - Level 1.0 Armour
 - Level 3.0 Dodging
 - Level 3.0 Stealth
 - Level 1.0 Shields
 * Level 7.9 Spellcasting
 + Level 3.9 Conjurations
 + Level 2.3 Summonings
 - Level 1.1 Translocations
 - Level 1.0 Air Magic
 - Level 1.0 Poison Magic


You had 13 spell levels left.
You knew the following spells:

 Your Spells              Type           Power      Damage    Failure   Level
a - Magic Dart            Conj           96%        1d7       1%          1
b - Mephitic Cloud        Conj/Pois/Air  16%        N/A       11%         3
c - Call Imp              Summ           18%        N/A       4%          2
d - Blink                 Tloc           24%        N/A       8%          2

Your spell library contained the following spells:

 Spells                   Type           Power      Damage    Failure   Level
 Apportation              Tloc           24%        N/A       4%          1
 Slow                     Hex            32%        N/A       9%          1
 Cigotuvi's Dreadful Rot  Necr/Pois/Air  22%        N/A       10%         2
 Sublimation of Blood     Necr           8%         N/A       12%         2
 Ozocubu's Armour         Ice            8%         N/A       24%         3
 Petrify                  Tmut/Erth      8%         N/A       63%         4
 Irradiate                Conj/Tmut      8%         3d14      69%         5
 Alistair's Intoxication  Tmut/Pois      6%         N/A       88%         5
 Ozocubu's Refrigeration  Ice            4%         4d8       100%        7


Dungeon Overview and Level Annotations

Branches:
Dungeon (5/15)
 Temple: D:4-7

Altars:
Ashenzari
Elyvilon
Nemelex Xobeh
Uskayaw
Yredelemnul

Shops:
D:2 *

Portals:
Abyss: D:3

Annotations:
D:3 2 transporters, osoart's ghost, amateur DsNe


Message History

Press: ? - help, Shift-Dir - straight line You miscast Mephitic Cloud.
You are very lightly contaminated with residual magic.
Nothing appears to happen.
You barely miss the scorpion.
The scorpion stings you but does no damage.
You hit the scorpion.
The scorpion is moderately wounded.
The scorpion barely misses you. The scorpion completely misses you.
You hit the scorpion but do no damage. Your punch misses the scorpion.
The scorpion is moderately wounded.
The scorpion stings you. x2
You are poisoned.
The scorpion poisons you!
Your magical contamination has completely faded away.
Casting: Mephitic Cloud (dangerous; 11% risk of failure)
Confirm with . or Enter, or press ? or * to list all spells.
A beastly little devil appears in a puff of flame.
* * * LOW HITPOINT WARNING * * *
You feel very sick. The scorpion closely misses you.
You swap places.
* * * LOW HITPOINT WARNING * * *
You feel sick.
Your crimson imp hits the scorpion.
You barely miss the scorpion.
The scorpion is moderately wounded.
* * * LOW HITPOINT WARNING * * *
You feel sick. The scorpion misses you.
Your crimson imp closely misses the scorpion.
The scorpion barely misses you.
You closely miss the scorpion.
The scorpion is moderately wounded.
* * * LOW HITPOINT WARNING * * *
You feel sick.
Your crimson imp barely misses the scorpion.
The scorpion stings you.
* * * LOW HITPOINT WARNING * * *
It was a potion of resistance.
You feel protected.
You die...

##
.################################
.)....(.........@s...............
.)...............5...........#...
.#.###############...#######.+.)s
.#.# #...# ###.). .#.# #...# ....
##.# #...# ..... #.# ##### ....##
#.# .....# ##.# ......#


You could see a scorpion (ally target) and a friendly crimson imp (summoned).

Vanquished Creatures
  2 ogres (D:5)
  3 orc priests (D:5)
  2 hounds
  2 orc wizards (D:5)
  An iguana (D:4)
  Robin (D:4)
  4 adders
  2 gnolls (D:2)
  2 ufetubi
  A worm (D:2)
  3 dart slugs
  8 orcs
  7 ball pythons
  7 endoplasms
  2 giant cockroaches
  11 goblins
  8 hobgoblins
  A jackal (D:2)
  4 quokkas
  6 bats
  7 frilled lizards
  9 kobolds
  4 rats
97 creatures vanquished.

Vanquished Creatures (collateral kills)
  An orc priest (D:4)
  An orc wizard (D:5)
  2 gnolls (D:2)
  An orc (D:5)
  2 goblins (D:4)
  A frilled lizard (D:2)
8 creatures vanquished.

Vanquished Creatures (others)
  A fungus (D:5)
1 creature vanquished.

Grand Total: 106 creatures vanquished

Notes
Turn   | Place    | Note
-------+----------+-------------------------------------------
     0 | D:1      | pokeman the Deep Elf Hedge Wizard began the quest for the
                  | Orb.
     0 | D:1      | Reached XP level 1. HP: 10/10 MP: 7/7
   300 | D:1      | Reached XP level 2. HP: 15/15 MP: 3/9
   871 | D:1      | Reached skill level 5 in Spellcasting
  1101 | D:1      | Reached XP level 3. HP: 20/20 MP: 9/11
  1105 | D:1      | Learned a level 3 spell: Mephitic Cloud
  1108 | D:1      | Learned a level 2 spell: Call Imp
  1111 | D:1      | Learned a level 2 spell: Blink
  1558 | D:2      | Found Etuemodgh's General Store.
  1597 | D:2      | Reached skill level 1 in Fighting
  1597 | D:2      | Reached skill level 1 in Armour
  1625 | D:2      | Reached XP level 4. HP: 17/25 MP: 2/13
  2570 | D:3      | Noticed a small abomination
  2579 | D:3      | Found a transporter.
  2592 | D:3      | Found a one-way gate to the infinite horrors of the Abyss.
  2592 | D:3      | Noticed osoart's ghost (amateur DsNe)
  2595 | D:3      | Found a transporter.
  2704 | D:3      | Reached skill level 6 in Spellcasting
  2704 | D:3      | Reached XP level 5. HP: 23/29 MP: 6/15
  3064 | D:3      | Found a basalt altar of Yredelemnul.
  3065 | D:3      | Found a hide-covered altar of Uskayaw.
  3143 | D:4      | Reached skill level 1 in Shields
  3235 | D:4      | Found a broken altar of Ashenzari.
  3372 | D:4      | Found a white marble altar of Elyvilon.
  3433 | D:4      | Noticed Robin
  3445 | D:4      | Killed Robin
  3481 | D:4      | Reached XP level 6. HP: 14/34 MP: 8/17
  3605 | D:4      | Reached skill level 1 in Air Magic
  3779 | D:4      | Found a sparkling altar of Nemelex Xobeh.
  3973 | D:5      | Entered Level 5 of the Dungeon
  4029 | D:5      | Reached skill level 7 in Spellcasting
  4029 | D:5      | Reached skill level 1 in Poison Magic
  4321 | D:5      | Reached XP level 7. HP: 39/39 MP: 13/20
  4364 | D:5      | HP: 1/40 [scorpion (4)]
  4365 | D:5      | Succumbed to a scorpion's poison

Illustrated notes

Levels and vault maps discovered:
D:1:      lemuel_arrival_behind_the_door_small, layout_loops_ring,
          kennysheep_decorative_pillar, chequers_mini_garden,
          hangedman_decor_growths
D:2:      layout_rooms, serial_shops, shop_statue, minmay_heptomino_d4
D:3:      layout_loops_ring, minitemple, gammafunk_ghost_abyssal_escape,
          kennysheep_generic_room_13
D:4:      layout_rooms, cheibrodos_ashenzari_chains,
          mainiacjoe_overflow_large_starburst, uniq_robin
D:5:      layout_basic, uniq_crazy_yiuf_cottage, uniq_duvessa

Skill      XL: |  1  2  3  4  5  6  7 |
---------------+----------------------+-----
Spellcasting   | 5 6 7 |  7.9
Fighting       | 1 2 |  2.0
Armour         | 1 |  1.0
Conjurations   | 2 3 |  3.9
Dodging        | 3 |  3.0
Shields        | 1 |  1.0
Stealth        | 3 |  3.0
Air Magic      | 1 |  1.0
Poison Magic   | 1 |  1.0
Summonings     | 2 |  2.3
Translocations | |  1.1

Action                   |  1- 3 |  4- 6 |  7- 9 || total
-------------------------+-------+-------+-------++-------
Melee: Demon blade       |    15 |    43 |     9 ||    67
       Punch             |       |     1 |       ||     1
 Cast: Magic Dart        |    95 |   134 |     8 ||   237
       Call Imp          |     2 |     3 |     3 ||     8
       Mephitic Cloud    |     1 |     9 |     1 ||    11
  Use: Potion            |       |       |     1 ||     1
 Stab: Confused          |     1 |     3 |       ||     4
       Sleeping          |       |     1 |       ||     1
Armor: Robe              |     3 |    24 |     2 ||    29
Dodge: Dodged            |    17 |    44 |     7 ||    68

Table legend: (Time is in decaauts)
 A = Elapsed time spent in this place.
 B = Non-inter-level travel time spent in this place.
 C = Inter-level travel time spent in this place.
 D = Time resting spent in this place.
 E = Time spent auto-exploring this place.
 F = Levels seen in this place.
 G = Mean time per level.
                   A        B        C        D        E       F      G
               +--------+--------+--------+--------+--------+-----+--------+
         Total |   4383 |   4285 |     98 |    181 |   3406 |   5 |  876.6 |
       Dungeon |   4383 |   4285 |     98 |    181 |   3406 |   5 |  876.6 |
               +--------+--------+--------+--------+--------+-----+--------+

Top non-repeatable levels by time:
     D:1: 1342 daAuts
     D:3: 946 daAuts
     D:4: 849 daAuts
     D:2: 844 daAuts
     D:5: 400 daAuts
